 Dungeon Crawl Stone Soup version 0.21.1-1-g345015fe64 (webtiles) character file.

35 Jannitor the Skirmisher (level 3, -8/26 HPs)
             Began as a Halfling Berserker on June 5, 2018.
             Was a Believer of Trog.
             Killed from afar by a raiju (10 damage)
             ... with a living lightning
             ... on level 1 of the Abyss.
             The game lasted 00:01:48 (1750 turns).

Jannitor the Skirmisher (Halfling Berserker)        Turns: 1750, Time: 00:01:49

Health: -8/26      AC: 13    Str: 17    XL:     3   Next: 55%
Magic:  3/3        EV:  8    Int:  5    God:    Trog [**....]
Gold:   118        SH:  0    Dex: 13    Spells: 2/2 levels left

rFire    . . .     SeeInvis .   i - -3 mace (curse)
rCold    . . .     Gourm    .   (shield restricted)
rNeg     . . .     Faith    .   f - +1 plate armour (curse)
rPois    .         Spirit   .   (no helmet)
rElec    .         Reflect  .   (no cloak)
rCorr    .         Harm     .   d - +0 pair of gloves
MR       .....                  (no boots)
Stlth    ..........             (no amulet)
HPRegen  0.08/turn              e - -2 ring of strength (curse)
MPRegen  0.08/turn              (no ring)

@: berserk cooldown, slowed, very slow
A: small, mutation resistance 1
a: Berserk, Trog's Hand, Burn Spellbooks, Renounce Religion


You were on level 1 of the Abyss.
You worshipped Trog.
Trog was pleased with you.
You were near starving.

You visited 1 branch of the dungeon, and saw 2 of its levels.
You visited the Abyss 1 time.

You collected 118 gold pieces.

Inventory:

Hand Weapons
 a - a +0 mace
 i - a cursed -3 mace (weapon)
Armour
 b - a +0 animal skin
 d - a +0 pair of gloves (worn)
 f - a cursed +1 plate armour (worn)
Jewellery
 e - a cursed -2 ring of strength (left hand)
Scrolls
 j - a scroll of identify
Potions
 h - a potion of brilliance
 k - a potion of cancellation {unknown}
 l - a potion of curing {unknown}
Comestibles
 c - 6 rations


   Skills:
 + Level 3.1 Fighting
 + Level 3.0 Maces & Flails
 + Level 2.7 Armour
 + Level 2.7 Dodging


You had 2 spell levels left.
You didn't know any spells.

Dungeon Overview and Level Annotations

Branches:
Dungeon (2/15)

Altars:

Annotations:
D:2 Crazy Yiuf


Innate Abilities, Weirdness & Mutations

You are small and have problems with some larger weapons.
You are somewhat resistant to further mutation.


Message History

The raiju bursts into living lightning!
The living lightning hits the raiju.
The raiju completely resists.
The living lightning hits you!
The raiju blinks!
The raiju bursts into living lightning!
The living lightning hits the raiju.
The raiju completely resists.
The living lightning hits the raiju.
The raiju completely resists.
The living lightning hits you!
The living lightning hits the raiju.
The raiju completely resists.
The raiju blinks! x3
As you read the scroll labeled PAVE KUUCOHU, it crumbles to dust.
You hear a burbling brook.
It was a scroll of random uselessness.
The raiju bursts into living lightning!
The living lightning hits you!
The raiju blinks!
The raiju bites you. The raiju shocks you!
* * * LOW HITPOINT WARNING * * *
The raiju bursts into living lightning!
The living lightning hits the raiju.
The raiju completely resists.
The living lightning hits the raiju.
The raiju completely resists.
The living lightning hits you!
You die...

.#
.♣♣♣
♣#..##
♣....#
#.h.#
#...#
##h#
♣h♣♣
♣♣@♣
♣h♣
♣..
..♣♣
...
....
....
#.##.#


You could see 4 raiju.

Vanquished Creatures
  A worm (D:2)
  A dart slug (D:2)
  A giant cockroach (D:1)
  3 hobgoblins (D:1)
  4 kobolds
  4 bats (D:1)
  3 frilled lizards
  8 goblins
  5 rats
30 creatures vanquished.

Notes
Turn   | Place    | Note
-------+----------+-------------------------------------------
     0 | D:1      | Jannitor the Halfling Berserker began the quest for the Orb.
     0 | D:1      | Reached XP level 1. HP: 15/15 MP: 1/1
   273 | D:1      | Reached XP level 2. HP: 20/20 MP: 2/2
   845 | D:1      | Reached XP level 3. HP: 17/25 MP: 3/3
  1214 | D:2      | Reached ** piety under Trog
  1715 | D:2      | Found a runed door.
  1719 | D:2      | Noticed Crazy Yiuf
  1723 | D:2      | Cast into level 1 of the Abyss (Crazy Yiuf)
  1748 | Abyss:1  | Noticed a raiju
  1748 | Abyss:1  | Noticed a raiju
  1748 | Abyss:1  | Noticed a raiju
  1748 | Abyss:1  | Noticed a raiju
  1750 | Abyss:1  | Killed from afar by a raiju

Skill      XL: |  1  2  3 |
---------------+----------+-----
Fighting       | 3 |  3.1
Maces & Flails | 3 |  3.0
Armour         | |  2.7
Dodging        | |  2.7

Action                   || total
-------------------------++-------
Melee: Mace              ||   158
Invok: Berserk           ||     2
  Use: Scroll            ||     3
  Eat: Chunk             ||     3
Armor: Plate armour      ||   136
Dodge: Dodged            ||    86
